 Dungeon Crawl Stone Soup version 0.29-a0-234-g0dae59b3db (webtiles) character file.

Game seed: 12685377548390733389

3269 siradein the Thaumaturge (level 9, -9/45 HPs)
             Began as a Deep Elf Earth Elementalist on Mar 3, 2022.
             Was a Follower of Kikubaaqudgha.
             Mangled by Harold
             ... wielding a +0 scimitar
              (26 damage)
             ... on level 7 of the Dungeon.
             The game lasted 00:27:02 (10020 turns).

siradein the Thaumaturge (DEEE)                    Turns: 10020, Time: 00:27:03

Health: -9/45      AC:  5    Str:  5    XL:     9   Next: 68%
Magic:  5/25       EV: 13    Int: 25    God:    Kikubaaqudgha [*.....]
Gold:   437        SH:  0    Dex: 15    Spells: 25/29 levels left

rFire   . . .      SeeInvis .   (no weapon)
rCold   . . .      Faith    .   (no shield)
rNeg    . . .      Spirit   .   b - +0 robe
rPois   .          Reflect  .   g - +0 helmet
rElec   .          Harm     .   A - scarf {shadows}
rCorr   .          Rampage  .   C - +0 pair of gloves
Will    .....                   q - +0 pair of boots
Stlth   ++........              (no amulet)
HPRegen 0.15/turn               (no ring)
MPRegen 0.19/turn               (no ring)

@: marked
A: no striking features
a: Renounce Religion, Receive Corpses


You were on level 7 of the Dungeon.
You worshipped Kikubaaqudgha.
Kikubaaqudgha was aware of your devotion.
You visited 2 branches of the dungeon, and saw 8 of its levels.
You also visited: Ossuary.

You collected 437 gold pieces.

Inventory:

Missiles
 a - 22 stones
Armour
 b - a +0 robe (worn)
 g - a +0 helmet (worn)
 q - a +0 pair of boots (worn)
 A - a scarf of shadows (worn)
 C - a +0 pair of gloves (worn)
Magical Staves
 o - a staff of cold
 s - a staff of death
Wands
 w - a wand of iceblast (17)
 y - a wand of polymorph (6)
 B - a wand of acid (14)
Scrolls
 d - 2 scrolls of immolation
 e - 3 scrolls of vulnerability
 f - 2 scrolls of teleportation
 h - 2 scrolls of fear {unknown}
 j - 3 scrolls of enchant armour {unknown}
 l - a scroll of summoning {unknown}
 n - a scroll of noise {unknown}
 p - a scroll of amnesia {unknown}
 r - 3 scrolls of fog {unknown}
 x - 2 scrolls of blinking {unknown}
 z - a scroll of silence
 E - a scroll of torment
Potions
 c - 5 potions of curing
 i - a potion of mutation {unknown}
 k - 8 potions of heal wounds
 m - 2 potions of lignification {unknown}
 t - 3 potions of haste {unknown}
 u - a potion of attraction {unknown}
 v - 2 potions of cancellation {unknown}
 D - a potion of might {unknown}


   Skills:
 + Level 3.0 Dodging
 - Level 2.4 Stealth
 + Level 10.6 Spellcasting
 + Level 8.1 Conjurations
 * Level 2.2 Necromancy
 - Level 1.1 Transmutations
 + Level 9.2 Earth Magic
 + Level 1.2 Evocations


You had 25 spell levels left.
You knew the following spells:

 Your Spells              Type           Power      Damage    Failure   Level
a - Sandblast             Erth           100%       2d20      1%          1
b - Stone Arrow           Conj/Erth      100%       3d13      1%          3

Your spell library contained the following spells:

 Spells                   Type           Power      Damage    Failure   Level
 Animate Skeleton         Necr           48%        N/A       1%          1
 Pain                     Necr           96%        1d8       1%          1
 Passwall                 Tmut/Erth      32%        N/A       1%          2
 Corpse Rot               Necr/Air       36%        N/A       4%          2
 Petrify                  Tmut/Erth      39%        N/A       5%          4
 Agony                    Necr           24%        N/A       45%         5


Dungeon Overview and Level Annotations

Branches:
Dungeon (7/15)             Temple (1/1) D:7         Ossuary (visited)

Altars:
Ashenzari
Cheibriados
Dithmenos
Elyvilon
Fedhas
Gozag
Hepliaklqana
Kikubaaqudgha
Makhleb
Nemelex Xobeh
Qazlal
Ru
Sif Muna
Trog
Uskayaw
Vehumet
Wu Jian
Xom
Yredelemnul
Zin
The Shining One

Annotations:
D:7 Harold


Message History

Harold casts a spell at you. A sentinel's mark forms upon you.
You hear an angry hiss.
Harold is nearby!
The stone arrow hits Harold!!
Harold is moderately wounded.
A wyvern comes into view.
The stone arrow hits the wyvern!
The wyvern is heavily wounded.
The stone arrow hits the wyvern!
The wyvern is almost dead.
The wyvern barely misses you.
The stone arrow hits the wyvern!!
You kill the wyvern!
Kikubaaqudgha accepts your kill. Harold fires a harpoon shot at you.
The harpoon shot misses you.
Your Dodging skill increases to level 3!
Your Necromancy skill increases to level 2!
Your Evocations skill increases to level 1!
The stone arrow misses Harold.
Harold fires a harpoon shot at you. The harpoon shot hits you!
You are yanked forward by the harpoon shot.
The stone arrow hits Harold!!
Harold is heavily wounded.
Harold hits you with a +0 scimitar!
Unknown command.
You are too injured to fight recklessly!
Casting: Stone Arrow (safe; 1% risk of failure)
Confirm with . or Enter, or press ? or * to list all spells.
Aiming: Stone Arrow (safe; 1% risk of failure)
Press: ? - help, Shift-Dir - straight line, f/p - Harold
Aim: Harold, wielding a +0 scimitar, wearing a +0 scale mail and quivering 2 throwing nets (heavily wounded, 87% to hit)
The stone arrow hits Harold!
Harold is severely wounded.
Harold hits you with a +0 scimitar!!
Ouch! That really hurt!
You die...
Kikubaaqudgha rasps: "You have failed me!
Welcome... death!"

.####.#..#.#######.#
..###.#..#.........#
...........#########
..###.#..#.###
#####.#.......
....)..>#.####.
#####.###.# #.#
##.###.# #@##
####.#.##.## #@##
....###...#.# ##.#
####.#.#####.###.##
# ##.## #.#.## # #.#
#.## # #.# #.# #
#.########.#
#####..........#
......##########


You could see Harold.

Vanquished Creatures
  A komodo dragon (D:5)
  Prince Ribbit (D:5)
  A wyvern (D:7)
  Menkaure (D:7)
  2 vampire mosquitoes (D:6)
  Duvessa (D:4)
  A sky beast (D:6)
  A black bear (D:4)
  2 ogres
  A centaur (D:6)
  A phantom (D:6)
  7 scorpions
  An elf zombie (Ossuary)
  A bullfrog (D:7)
  2 necrophages
  Dowan (D:4)
  2 centaur zombies (Ossuary)
  3 jellies
  2 orc priests
  3 hounds
  A human zombie (Ossuary)
  A gnoll shaman (D:5)
  Ijyb (D:5)
  4 iguanas
  2 orc wizards
  4 hound zombies (Ossuary)
  3 mummies (Ossuary)
  9 gnolls
  10 adders
  A shadow imp (D:6)
  3 white imps
  3 worms
  2 dart slugs (D:4)
  19 orcs
  10 ball pythons
  5 bats
  4 endoplasms
  4 giant cockroaches
  10 hobgoblins
  2 jackals (D:5)
  3 quokkas
  2 gnoll zombies (Ossuary)
  12 goblins
  4 goblin zombies (Ossuary)
  5 hobgoblin zombies (Ossuary)
  5 kobolds
  7 kobold zombies (Ossuary)
  4 quokka zombies (Ossuary)
  6 rats
  4 rat zombies (Ossuary)
  A spectral kobold (D:1)
186 creatures vanquished.

Notes
Turn   | Place    | Note
-------+----------+-------------------------------------------
     0 | D:1      | siradein the Deep Elf Earth Elementalist began the quest
                  | for the Orb.
     0 | D:1      | Reached XP level 1. HP: 10/10 MP: 6/6
   196 | D:1      | Found a faded altar of an unknown god.
   296 | D:1      | Reached XP level 2. HP: 15/15 MP: 5/8
   890 | D:1      | Reached skill level 4 in Spellcasting
   890 | D:1      | Reached XP level 3. HP: 19/19 MP: 4/10
   894 | D:1      | Learned a level 3 spell: Stone Arrow
  1888 | D:2      | Reached skill level 1 in Conjurations
  1948 | D:2      | Reached XP level 4. HP: 24/24 MP: 6/12
  3213 | D:3      | Reached skill level 5 in Spellcasting
  3321 | D:3      | Reached XP level 5. HP: 28/28 MP: 12/14
  3626 | D:3      | You fall into a shaft and drop 1 floor!
  3626 | D:4      | Noticed Duvessa
  3626 | D:4      | Noticed Dowan
  4151 | D:4      | Reached skill level 5 in Earth Magic
  4239 | D:4      | Noticed a black bear
  4276 | D:4      | Killed a black bear
  4277 | D:4      | Reached XP level 6. HP: 32/32 MP: 5/16
  4509 | D:4      | Reached skill level 6 in Spellcasting
  4801 | D:5      | Entered Level 5 of the Dungeon
  4805 | D:5      | Reached XP level 7. HP: 36/36 MP: 8/18
  4805 | D:5      | Noticed Ijyb
  4889 | D:5      | Killed Ijyb
  4913 | D:5      | Noticed Prince Ribbit
  5051 | D:5      | Reached skill level 7 in Spellcasting
  5056 | D:5      | Noticed a komodo dragon
  6027 | D:5      | Killed Prince Ribbit
  6028 | D:5      | Reached skill level 5 in Conjurations
  6088 | D:4      | Killed Duvessa
  6089 | D:4      | Reached XP level 8. HP: 41/41 MP: 9/21
  6145 | D:5      | Reached skill level 8 in Spellcasting
  6368 | D:4      | Killed Dowan
  6776 | D:5      | Killed a komodo dragon
  7065 | D:5      | Reached skill level 9 in Spellcasting
  7277 | D:6      | Noticed a cyclops
  7721 | D:6      | Reached XP level 9. HP: 32/45 MP: 18/24
  7852 | D:6      | Found a hazy altar of Hepliaklqana.
  8179 | D:6      | Reached skill level 10 in Spellcasting
  8381 | D:7      | Noticed Menkaure
  8386 | D:7      | Killed Menkaure
  8404 | D:7      | Found a staircase to the Ecumenical Temple.
  8412 | Temple   | Entered the Ecumenical Temple
  8694 | Temple   | Became a worshipper of Kikubaaqudgha
  8767 | D:7      | Found a sand-covered staircase.
  8773 | Ossuary  | Entered an ossuary
  9316 | Ossuary  | Reached skill level 1 in Necromancy
  9501 | Ossuary  | Reached * piety under Kikubaaqudgha
  9501 | Ossuary  | Received a gift from Kikubaaqudgha
 10013 | D:7      | Noticed Harold
 10018 | D:7      | Reached skill level 1 in Evocations
 10020 | D:7      | Mangled by Harold

Illustrated notes

Levels and vault maps discovered:
D:1:      dpeg_arrival_concentric_ovals, layout_loops_ring,
          dreamdust_ecumenical_altar_drowned_temple
D:2:      layout_loops_ring, minmay_pentomino_s2
D:3:      layout_basic, st_stairs_8, hex_intersection, minmay_snake_closets
D:4:      layout_basic, minmay_goblin_outpost, uniq_duvessa
D:5:      layout_rooms, uniq_ijyb, uniq_prince_ribbit1
D:6:      layout_layer_cave, mainiacjoe_overflow_brackets,
          minmay_fractal_squares_5, uniq_grinder, uniq_edmund
D:7:      layout_loops_ring, minmay_temple_entry_sparse_star,
          nicolae_ossuary_entry_plus, uniq_harold, uniq_menkaure
Temple:   mainiacjoe_temple_hex_bubbles

Skill      XL: |  1  2  3  4  5  6  7  8  9 |
---------------+----------------------------+-----
Spellcasting   | 4 5 6 7 9 10 | 10.6
Earth Magic    | 4 5 6 8 9 |  9.2
Conjurations   | 1 2 3 4 5 7 8 |  8.1
Necromancy     | 2 |  2.2
Dodging        | 3 |  3.0
Evocations     | 1 |  1.2
Stealth        | |  2.4
Transmutations | |  1.1

Action                   |  1- 3 |  4- 6 |  7- 9 || total
-------------------------+-------+-------+-------++-------
 Cast: Sandblast         |    37 |    36 |     2 ||    75
       Stone Arrow       |    12 |    29 |   167 ||   208
  Use: Potion            |       |       |     1 ||     1
       Scroll            |       |       |     7 ||     7
Armor: Robe              |     4 |     8 |     4 ||    16
Dodge: Dodged            |     4 |    14 |    39 ||    57

Table legend: (Time is in decaauts)
 A = Elapsed time spent in this place.
 B = Non-inter-level travel time spent in this place.
 C = Inter-level travel time spent in this place.
 D = Time resting spent in this place.
 E = Time spent auto-exploring this place.
 F = Levels seen in this place.
 G = Mean time per level.
                   A        B        C        D        E       F      G
               +--------+--------+--------+--------+--------+-----+--------+
         Total |  10036 |   9926 |    110 |   1922 |   6214 |   9 | 1115.1 |
       Dungeon |   8746 |   8636 |    110 |   1920 |   5115 |   7 | 1249.4 |
        Temple |    316 |    316 |      0 |      0 |    274 |   1 |  316.0 |
       Ossuary |    973 |    973 |      0 |      2 |    825 |   1 |  973.0 |
               +--------+--------+--------+--------+--------+-----+--------+

Top non-repeatable levels by time:
     D:4: 2462 daAuts
     D:1: 1420 daAuts
     D:3: 1374 daAuts
     D:5: 1103 daAuts
     D:2: 987 daAuts
 Ossuary: 973 daAuts
     D:6: 863 daAuts
     D:7: 534 daAuts
  Temple: 316 daAuts
